cohdb
Replays
Latest Replays
All Replays
Popular Replays
Top Player Replays
Match Explorer
How It Works
Community
CoH3 Stats
Reddit
Sign in to upload your games and track your stats! →
Sign in with Steam
Match 45904107
Unlisted
Match 45904107
Overview
Messages
Build Orders
End
Kradschützen Motorcycle Team
Selects Italian Combined Arms Battlegroup
Selects Bersaglieri Squad
Bersaglieri Squad
Panzergrenadier Squad
Construct Light Support Kompanie
MG34 Team
Construct Mechanized Kompanie
Support Armor Elements
Selects Vehicle Support - Secure Location
Selects Vehicle Support - Force Recon
StuG III D Assault Gun
Panzerjäger Mechanized Group
2.5-tonne Medical Truck
Pak 38 Anti-tank Gun Team
Construct Panzerarmee Kommand
Selects Semovente da 75/18 Assault Gun
Selects Strafing Run
Strafing Run
Fajolada
Leo
Denis
VeSkeR
0
0
Comments
sign in to comment!
No comments posted yet!